 Dungeon Crawl Stone Soup version 0.27.0-1-g7a089689b8 (webtiles) character file.

Game seed: 16907984336115034847

330 ZARRMARR the Poker (level 6, -1/47 HPs)
             Began as a Merfolk Gladiator on Aug 9, 2021.
             Slain by Pikel (11 damage)
             ... on level 4 of the Dungeon.
             The game lasted 00:22:16 (3675 turns).

ZARRMARR the Poker (Merfolk Gladiator)              Turns: 3675, Time: 00:22:17

Health: -1/47      AC:  8    Str: 16    XL:     6   Next: 51%
Magic:  0/6        EV: 13    Int:  8    God:
Gold:   154        SH:  0    Dex: 15    Spells: 5/5 levels left

rFire    . . .     SeeInvis .   a - +0 trident
rCold    . . .     Faith    .   (no shield)
rNeg     . . .     Spirit   +   b - +0 leather armour
rPois    +         Reflect  .   c - +0 helmet
rElec    .         Harm     .   s - +2 cloak {rPois}
rCorr    .         Rampage  .   (no gloves)
Will     .....                  q - +0 pair of boots
Stlth    ++........             n - amulet of guardian spirit
HPRegen  0.15/turn              (no ring)
MPRegen  0.10/turn              (no ring)

@: no status effects
A: (nimble swimmer 2), mertail
a: no special abilities


You were on level 4 of the Dungeon.
You visited 1 branch of the dungeon, and saw 5 of its levels.

You collected 154 gold pieces.

Inventory:

Hand Weapons
 a - a +0 trident (weapon)
 r - a +2 quarterstaff of chaos
Missiles
 d - 3 throwing nets
 e - 102 stones
 m - 14 poisoned darts (quivered)
Armour
 b - a +0 leather armour (worn)
 c - a +0 helmet (worn)
 q - a +0 pair of boots (worn)
 s - a +2 cloak of poison resistance (worn)
Magical Staves
 h - a staff of death
Jewellery
 n - an amulet of guardian spirit (around neck)
 t - a ring of see invisible
Wands
 g - a wand of iceblast (6)
Scrolls
 f - a scroll of immolation
 i - a scroll of magic mapping
 k - 3 scrolls of teleportation
 u - a scroll of fear
Potions
 j - 2 potions of attraction
 l - a potion of might {unknown}
 o - 3 potions of flight {unknown}
 p - 2 potions of degeneration


   Skills:
 + Level 3.1 Fighting
 + Level 6.6 Polearms
 + Level 3.7 Throwing
 + Level 1.5 Armour
 + Level 5.0 Dodging
 + Level 1.4 Stealth


You had 5 spell levels left.
You didn't know any spells.
Your spell library contained the following spells:

 Spells                   Type           Power      Damage    Failure   Level
 Tukima's Dance           Hex            0%         N/A       85%         3
 Passage of Golubria      Tloc           N/A        N/A       99%         4
 Yara's Violent Unravell  Hex/Tmut       0%         3d3       100%        5


Dungeon Overview and Level Annotations

Branches:
Dungeon (5/15)
 Temple: D:4-7

Altars:

Annotations:
D:4 Pikel, Sigmund


Innate Abilities, Weirdness & Mutations

((You are quick and stealthy near water. (Stealth+, EV+, Speed+++)))
Your lower body shifts to a powerful aquatic tail in water.


Message History

You hit Pikel but do no damage.
Pikel is moderately wounded.
Pikel hits you but does no damage.
You puncture Pikel!
Pikel is heavily wounded.
Pikel hits you with a +2 whip of flaming.
Pikel burns you.
The lemure shouts!
You puncture Pikel!
Pikel is severely wounded.
Pikel hits you with a +2 whip of flaming.
Pikel burns you.
You closely miss Pikel.
Pikel is severely wounded.
Pikel barely misses you.
You barely miss Pikel.
Pikel is severely wounded.
Pikel closely misses you.
You barely miss Pikel.
Pikel is severely wounded.
Pikel hits you with a +2 whip of flaming.
Pikel burns you.
You puncture Pikel!
Pikel is almost dead.
Pikel misses you.
You hit Pikel but do no damage.
Pikel is almost dead.
Your leather armour prevents you from hitting Pikel.
Pikel is almost dead.
Pikel hits you with a +2 whip of flaming.
* * * LOW HITPOINT WARNING * * *
Pikel burns you.
* * * LOW HITPOINT WARNING * * *
You closely miss Pikel.
Pikel is almost dead.
Pikel closely misses you.
You hit Pikel but do no damage.
Pikel is almost dead.
Pikel hits you with a +2 whip of flaming!
You die...

...####.# ...# #.#
#..##.# ...# #.#
.....# #### #.#
### #..#.# #.# ..#
#..#.# #.# #.#
....# #.# #.#
#...# #
#.###.#####)..#..#
#......(5K@.>....#
#####
#.#.#(#########..#
....#
#.#.#.......... #
....#
#.#.#..........
....#
#.#.#.#########
....# #.#.#.#
...## #.#.#.#
##.####.#.#.#
........# #.#


You could see Pikel and a lemure.

Vanquished Creatures
  2 water moccasin skeletons
  Crazy Yiuf (D:2)
  An orc priest (D:3)
  Natasha (thrice) (D:2)
  A gnoll (D:4)
  3 adders
  3 orcs (D:3)
  4 endoplasms
  4 giant cockroaches
  8 goblins
  6 hobgoblins
  6 kobolds
  4 quokkas
  7 ball pythons
  5 bats
  6 frilled lizards
  2 rats
66 creatures vanquished.

Vanquished Creatures (others)
  A hobgoblin (D:3)
1 creature vanquished.

Grand Total: 67 creatures vanquished

Notes
Turn   | Place    | Note
-------+----------+-------------------------------------------
     0 | D:1      | ZARRMARR the Merfolk Gladiator began the quest for the Orb.
     0 | D:1      | Reached XP level 1. HP: 16/16 MP: 1/1
   114 | D:1      | Reached XP level 2. HP: 23/23 MP: 2/2
   402 | D:1      | Found a faded altar of an unknown god.
   758 | D:2      | Reached XP level 3. HP: 28/28 MP: 3/3
   760 | D:2      | Reached skill level 5 in Polearms
  1016 | D:2      | Noticed Natasha
  1026 | D:2      | Killed Natasha
  1272 | D:2      | Reached XP level 4. HP: 34/34 MP: 4/4
  1296 | D:2      | Noticed Natasha
  1304 | D:2      | Killed Natasha
  1468 | D:2      | Noticed Natasha
  1485 | D:2      | Killed Natasha
  1739 | D:2      | Found a runed translucent door.
  1740 | D:2      | Noticed Crazy Yiuf
  1847 | D:2      | Reached XP level 5. HP: 40/40 MP: 5/5
  2170 | D:2      | Reached skill level 6 in Polearms
  2320 | D:3      | Reached skill level 1 in Armour
  2855 | D:2      | Killed Crazy Yiuf
  2856 | D:2      | Reached skill level 1 in Stealth
  3111 | D:4      | Noticed a lemure
  3116 | D:4      | Noticed Pikel
  3120 | D:4      | Noticed a lemure
  3122 | D:4      | Noticed a lemure
  3139 | D:4      | Reached skill level 5 in Dodging
  3139 | D:4      | Reached XP level 6. HP: 32/47 MP: 4/6
  3429 | D:4      | Noticed Sigmund
  3494 | D:5      | Entered Level 5 of the Dungeon
  3675 | D:4      | Slain by Pikel

Illustrated notes

Levels and vault maps discovered:
D:1:      roderic_crossed_star, layout_rooms,
          hellmonk_ecumenical_altar_lost_god, st_stairs_14, chequers_garden
D:2:      layout_rooms, serial_curves, eino_curves_01, eino_curves_01,
          eino_curves_02, eino_curves_04, uniq_natasha, uniq_crazy_yiuf_cottage
D:3:      layout_rooms
D:4:      layout_basic, uniq_pikel, uniq_edmund, uniq_sigmund
D:5:      layout_rooms

Skill      XL: |  1  2  3  4  5 |
---------------+----------------+-----
Polearms       | 5 6 |  6.6
Throwing       | 3 |  3.7
Armour         | 1 |  1.5
Fighting       | 3 |  3.1
Stealth        | 1 |  1.4
Dodging        | 5 |  5.0

Action                   |  1- 3 |  4- 6 || total
-------------------------+-------+-------++-------
Melee: Trident           |    81 |   149 ||   230
Throw: Stone             |    40 |       ||    40
       Throwing net      |     1 |       ||     1
       Dart              |     4 |    63 ||    67
  Use: Scroll            |       |    10 ||    10
 Stab: Sleeping          |     2 |     4 ||     6
Armor: Leather armour    |    17 |    29 ||    46
Dodge: Dodged            |    40 |    99 ||   139
